 Dungeon Crawl Stone Soup version 0.25.1-2-g60ff931df9 (webtiles) character file.

Game seed: 11095613257308561627

48423 RUZZLEFAZAZZLE the Grappler (level 14, -9/146 HPs)
             Began as a Troll Monk on Aug 24, 2020.
             Was a High Priest of the Shining One.
             Mangled by an angel
             ... wielding a +3 whip of holy wrath
              (18 damage)
             ... in Pandemonium.
             The game lasted 01:11:45 (16306 turns).

RUZZLEFAZAZZLE the Grappler (Troll Monk)           Turns: 16306, Time: 01:11:46

Health: -9/146     AC: 15    Str: 24    XL:     14   Next: 12%
Magic:  19/19      EV: 14    Int:  6    God:    the Shining One [*****.]
Gold:   1486       SH:  0    Dex: 12    Spells: 13/13 levels left

rFire    . . .     SeeInvis .     - Unarmed
rCold    . . .     Gourm    +   (no shield)
rNeg     + + .     Faith    .   J - +0 troll leather armour
rPois    +         Spirit   .   g - +2 hat
rElec    .         Reflect  .   i - +2 cloak
rCorr    .         Harm     .   (gloves unavailable)
MR       ++...                  (boots unavailable)
Stlth    +.........             l - amulet of regeneration
HPRegen  1.54/turn              q - ring of poison resistance
MPRegen  0.16/turn              A - ring of protection from magic

@: glowing
A: large, unfitting armour, claws 3, yellow scales 1, fast metabolism 3,
gourmand, regeneration 1, shaggy fur 1, tough skin 3, weak 1
a: Divine Shield, Cleansing Flame, Summon Divine Warrior, Renounce Religion


You were in Pandemonium.
You worshipped the Shining One.
The Shining One was extremely pleased with you.
You were full.

You visited 3 branches of the dungeon, and saw 18 of its levels.
You visited Pandemonium 1 time, and saw 1 of its levels.

You collected 2459 gold pieces.
You spent 973 gold pieces at shops.

Inventory:

Hand Weapons
 B - a +4 flail
 D - a +1 whip
 M - a +1 demon whip of draining
Armour
 g - a +2 hat (worn)
 i - a +2 cloak (worn)
 s - the +1 robe of Nihilism {rElec}
   (You found it on level 5 of the Dungeon)

   It insulates you from electricity.
 t - +0 steam dragon scales
 x - a scarf of repulsion
 C - a +2 robe of magic resistance
 H - a +2 robe of the Archmagi
 J - a +0 troll leather armour (worn)
Jewellery
 f - an uncursed ring of see invisible
 l - an amulet of regeneration (around neck)
 o - an uncursed ring of fire
 q - a ring of poison resistance (left claw)
 w - an uncursed amulet of guardian spirit
 A - a ring of protection from magic (right claw)
Wands
 r - a wand of polymorph (4)
 u - a wand of disintegration (17)
 E - a wand of iceblast (9)
 I - a wand of acid (9)
Scrolls
 a - 3 scrolls of identify
 c - 3 scrolls of fog
 d - 11 scrolls of remove curse
 h - a scroll of fear
 k - 3 scrolls of amnesia
 m - 12 scrolls of teleportation
 p - 2 scrolls of blinking
 y - 3 scrolls of magic mapping
 F - 2 scrolls of enchant armour
 K - a scroll of enchant weapon
Potions
 e - 6 potions of curing
 j - 6 potions of cancellation
 n - 3 potions of mutation
 v - a potion of magic
 z - 2 potions of flight
 G - a potion of brilliance
 L - a potion of lignification
Comestibles
 b - 35 rations


   Skills:
 * Level 11.4 Fighting
 + Level 10.1 Dodging
 - Level 1.0 Stealth
 + Level 14.5 Unarmed Combat
 + Level 9.2 Invocations


You had 13 spell levels left.
You didn't know any spells.
Your spell library contained the following spells:

 Spells                   Type           Power        Failure   Level  Hunger
 Magic Dart               Conj           #...         50%         1    ##.....
 Searing Ray              Conj           #.....       65%         2    ###....
 Sublimation of Blood     Necr           #.........   65%         2    ###....
 Dazzling Flash           Conj/Hex       #.....       86%         3    ####...
 Ignite Poison            Fire/Tmut/Pois #.......     86%         3    ####...
 Fulminant Prism          Conj/Hex       #.........   99%         4    #####..
 Iskenderun's Mystic Bla  Conj/Tloc      #.......     99%         4    #####..
 Petrify                  Tmut/Erth      #.......     99%         4    #####..
 Alistair's Intoxication  Tmut/Pois      #.......     100%        5    ######.
 Irradiate                Conj/Tmut      #.........   100%        5    ######.
 Eringya's Noxious Bog    Tmut/Pois      #.........   100%        6    #######


Dungeon Overview and Level Annotations

Branches:
Dungeon (15/15)            Temple (1/1) D:6            Lair (0/6) D:10
    Orc (2/2) D:12            Elf (0/3) Orc:2        Vaults (0/5) D:14
 Depths: D:15

Altars:
Ashenzari
Cheibriados
Dithmenos
Elyvilon
Fedhas
Gozag
Hepliaklqana
Kikubaaqudgha
Makhleb
Nemelex Xobeh
Okawaru
Qazlal
Ru
Sif Muna
Trog
Uskayaw
Vehumet
Wu Jian
Xom
Yredelemnul
Zin
The Shining One
Beogh

Shops:
D:5 *   D:6 *   D:7 =   D:9 ?   D:12 %   D:13 [   D:15 }   Orc:1 %   Orc:2 !?(}

Portals:
Pandemonium: Orc:2


Innate Abilities, Weirdness & Mutations

You are too large for most types of armour.
You have claws for hands.
Your metabolism is lightning-fast.
You like to eat raw meat.
Your natural rate of healing is unusually fast.
You are covered in fur. (AC +1)
You have extremely tough skin. (AC +3)
You are partially covered in yellow scales. (AC +2)
You are weak. (Str -2)


Message History

The angel hits you with a +3 whip of holy wrath!
The angel misses you.
You claw the angel!
The angel is moderately wounded.
The angel hits you with a +3 whip of holy wrath!
* * * LOW HITPOINT WARNING * * *
The angel hits you but does no damage.
Your troll leather armour prevents you from hitting the angel.
Your claw misses the angel.
The angel is moderately wounded.
The angel hits you with a +3 whip of holy wrath!!
* * * LOW HITPOINT WARNING * * *
The angel hits you with a +3 whip of holy wrath.
* * * LOW HITPOINT WARNING * * *
You feel better.
The angel hits you with a +3 whip of holy wrath!!
* * * LOW HITPOINT WARNING * * *
The angel closely misses you.
The angel hits you with a +3 whip of holy wrath!!
You die...

#######
####≈≈≈≈≈###
#####....###≈≈..
## ##......###
###..
#.####........###
##.
#..#....###..#†.##
## #...@###
###....### #
##.A## ###....#
#...## #...## #...
##### ##.. ###


You could see an angel.

Vanquished Creatures
  A pearl dragon (Pan)
  Agnes (D:14)
  An ironheart preserver (D:14)
  5 apis (Pan)
  Josephine (D:14)
  5 two-headed ogres
  An orc high priest (Orc:2)
  A soul eater (Orc:2)
  An unseen horror (D:11)
  2 torturous demonspawn (Orc:2)
  A harpy (shapeshifter) (D:14)
  2 orc knights (Orc:2)
  A deep elf mage (D:14)
  3 ugly things
  5 orc sorcerers (Orc:2)
  8 cyclopes
  3 centaur zombies (D:13)
  3 gargoyles (D:14)
  A kobold demonologist (D:14)
  Maggie (D:6)
  A komodo dragon (D:11)
  6 trolls
  2 meliai (D:14)
  2 hornets
  Grinder (D:3)
  Prince Ribbit (D:5)
  3 hippogriffs
  The ghost of emsyzz the Magician, an amateur DEFE (D:6)
  2 shadows
  10 yaks (D:9)
  5 wraiths (D:14)
  2 wyverns
  A hungry ghost (D:8)
  A neqoxec (Orc:2)
  4 vampire mosquitoes (D:13)
  Edmund (D:5)
  A naga (shapeshifter) (D:14)
  5 wargs
  2 acid dragons
  3 soldier ants (D:13)
  4 water moccasins
  38 orc warriors
  A sky beast (D:8)
  3 ice beasts
  2 black bears
  2 phantoms
  2 necrophages
  11 ogres
  6 centaurs
  A crocodile (D:11)
  Blork the orc (D:6)
  5 big kobolds
  9 bullfrogs
  3 scorpions
  3 killer bees (D:14)
  16 wights
  6 howler monkeys
  5 crimson imps
  A bullfrog zombie (D:7)
  A quasit (D:8)
  2 jellies
  22 orc priests
  A bullfrog skeleton (D:13)
  9 hounds
  Crazy Yiuf (D:5)
  6 iguanas
  9 worker ants
  23 orc wizards
  2 hound zombies
  A worker ant zombie (D:5)
  A howler monkey skeleton (D:6)
  15 adders
  2 shadow imps
  2 oozes
  An adder zombie (D:6)
  2 adder skeletons
  6 worms
  3 dart slugs
  10 leopard geckos
  86 orcs
  10 bats
  8 giant cockroaches
  11 goblins
  11 hobgoblins
  19 jackals
  39 kobolds
  3 quokkas
  A ball python (D:3)
  5 frilled lizards
  A giant cockroach zombie (D:5)
  A quokka zombie (D:6)
  9 rats
543 creatures vanquished.

Vanquished Creatures (collateral kills)
  3 orc high priests (Orc:2)
  A gelid demonspawn (Orc:2)
  2 orc knights (Orc:2)
  2 orc sorcerers (Orc:2)
  A red devil (Orc:2)
  An orc warrior (Orc:2)
  A bullfrog (D:14)
  An orc priest (Orc:2)
12 creatures vanquished.

Vanquished Creatures (others)
  A wizard (D:6)
1 creature vanquished.

Grand Total: 556 creatures vanquished

Notes
Turn   | Place    | Note
-------+----------+-------------------------------------------
     0 | D:1      | RUZZLEFAZAZZLE the Troll Monk began the quest for the Orb.
     0 | D:1      | Reached XP level 1. HP: 22/22 MP: 0/0
    30 | D:1      | Reached XP level 2. HP: 29/29 MP: 1/1
   289 | D:1      | Reached XP level 3. HP: 37/37 MP: 2/2
  1067 | D:2      | Reached skill level 4 in Unarmed Combat
  1085 | D:2      | Reached XP level 4. HP: 45/45 MP: 3/3
  1812 | D:3      | Noticed Grinder
  1820 | D:3      | Killed Grinder
  1820 | D:3      | Reached skill level 5 in Unarmed Combat
  1820 | D:3      | Reached XP level 5. HP: 54/54 MP: 4/4
  1820 | D:3      | Reached XP level 6. HP: 62/62 MP: 5/5
  2092 | D:3      | Found a faded altar of an unknown god.
  3382 | D:5      | Entered Level 5 of the Dungeon
  3382 | D:5      | Found the +8 frozen axe "Frostbite" {freezing cloud, *Noise
                  | +Fly rC+}
  3383 | D:5      | Noticed Edmund
  3386 | D:5      | Noticed Prince Ribbit
  3397 | D:5      | Killed Edmund
  3397 | D:5      | Reached skill level 6 in Unarmed Combat
  3397 | D:5      | Reached XP level 7. HP: 45/71 MP: 6/6
  3532 | D:5      | Killed Prince Ribbit
  3532 | D:5      | Reached skill level 7 in Unarmed Combat
  3540 | D:5      | Reached XP level 8. HP: 60/79 MP: 7/7
  3547 | D:5      | Found Hoen's Serpentskin Sales.
  3591 | D:5      | Bought an uncursed ring of poison resistance for 280 gold
                  | pieces
  3693 | D:5      | Found a runed translucent door.
  3694 | D:5      | Noticed Crazy Yiuf
  3782 | D:5      | Reached skill level 5 in Fighting
  3950 | D:5      | Killed Crazy Yiuf
  4405 | D:5      | Got a distressingly furry robe
  4416 | D:5      | Identified the cursed +1 robe of Nihilism {rElec} (You
                  | found it on level 5 of the Dungeon)
  4582 | D:5      | Reached skill level 8 in Unarmed Combat
  4671 | D:6      | Noticed Maggie
  4683 | D:6      | Killed Maggie
  4714 | D:6      | Found a runed translucent door.
  4718 | D:6      | Noticed emsyzz's ghost (amateur DEFE)
  4729 | D:6      | Found a snail-covered altar of Cheibriados.
  4769 | D:6      | Killed emsyzz's ghost
  4769 | D:6      | Reached skill level 5 in Dodging
  4881 | D:6      | Reached XP level 9. HP: 79/89 MP: 8/8
  4970 | D:6      | Reached skill level 9 in Unarmed Combat
  5042 | D:6      | Found a snail-covered altar of Cheibriados.
  5069 | D:6      | Found a staircase to the Ecumenical Temple.
  5080 | Temple   | Entered the Ecumenical Temple
  5145 | Temple   | Became a worshipper of the Shining One
  5145 | Temple   | Reached * piety under the Shining One
  5145 | Temple   | Reached ** piety under the Shining One
  5271 | D:6      | Found Xeehod's General Store.
  5290 | D:6      | Bought a potion of mutation for 88 gold pieces
  5290 | D:6      | Bought a scroll of identify for 22 gold pieces
  5307 | D:6      | Noticed Blork the orc
  5311 | D:6      | Killed Blork the orc
  5311 | D:6      | Reached skill level 1 in Invocations
  5346 | D:6      | Found a bloodstained altar of Trog.
  5347 | D:6      | Noticed a wizard
  5352 | D:6      | Killed a wizard
  5754 | D:7      | Found Zyogeum's Jewellery Shop.
  5820 | D:7      | Reached skill level 10 in Unarmed Combat
  6237 | D:7      | Reached XP level 10. HP: 77/100 MP: 11/11
  6350 | D:8      | Noticed a two-headed ogre
  6361 | D:8      | Killed a two-headed ogre
  6779 | D:8      | Reached *** piety under the Shining One
  7511 | D:9      | Found Cihi's Magic Scroll Shoppe.
  7589 | D:9      | Noticed a white ugly thing
  7601 | D:9      | Killed a white ugly thing
  7601 | D:9      | Reached skill level 11 in Unarmed Combat
  8078 | D:9      | Reached XP level 11. HP: 63/109 MP: 13/13
  8819 | D:10     | Entered Level 10 of the Dungeon
  8874 | D:10     | Found an iron altar of Okawaru.
  9112 | D:10     | Found a staircase to the Lair.
  9112 | D:10     | Reached **** piety under the Shining One
  9116 | D:10     | Reached skill level 5 in Invocations
  9532 | D:10     | Reached skill level 12 in Unarmed Combat
 10171 | D:11     | Noticed a two-headed ogre
 10184 | D:11     | Killed a two-headed ogre
 10254 | D:11     | Noticed an unseen horror
 10261 | D:11     | Killed an unseen horror
 10769 | D:12     | Found Lausm's Food Shoppe.
 10965 | D:12     | Noticed a two-headed ogre
 10973 | D:12     | Killed a two-headed ogre
 11006 | D:12     | Found a staircase to the Orcish Mines.
 11657 | D:13     | Reached skill level 13 in Unarmed Combat
 11882 | D:13     | Reached XP level 12. HP: 122/122 MP: 15/15
 11949 | D:13     | Reached ***** piety under the Shining One
 12034 | D:13     | Found Syinepp's Antique Armour Boutique.
 12605 | D:13     | Noticed a two-headed ogre
 12609 | D:13     | Killed a two-headed ogre
 12774 | D:14     | Noticed an ironheart preserver
 12779 | D:14     | Killed an ironheart preserver
 12780 | D:14     | Found a gate to the Vaults.
 12958 | D:14     | Noticed a two-headed ogre
 12963 | D:14     | Killed a two-headed ogre
 13050 | D:14     | Noticed Josephine
 13059 | D:14     | Killed Josephine
 13294 | D:14     | Noticed Agnes
 13304 | D:14     | Killed Agnes
 13304 | D:14     | Reached XP level 13. HP: 41/133 MP: 14/17
 13554 | D:14     | Reached skill level 10 in Fighting
 13888 | D:15     | Entered Level 15 of the Dungeon
 13888 | D:15     | Found Buptire's Gadget Boutique.
 13998 | Orc:1    | Entered Level 1 of the Orcish Mines
 14154 | Orc:2    | Entered Level 2 of the Orcish Mines
 14156 | Orc:2    | Found a roughly hewn altar of Beogh.
 14245 | Orc:1    | Found Realyn's Food Boutique.
 14730 | Orc:2    | Found Dediskom's Distillery.
 14733 | Orc:2    | Found Nat Lax's Magic Scroll Shop.
 14955 | Orc:2    | Reached skill level 14 in Unarmed Combat
 14990 | Orc:2    | Gained mutation: You are weak. (Str -2) [a neqoxec]
 15018 | Orc:2    | Gained mutation: You are partially covered in yellow
                  | scales. (AC +2) [a neqoxec]
 15139 | Orc:2    | Bought a scroll of blinking for 112 gold pieces
 15139 | Orc:2    | Bought a scroll of teleportation for 45 gold pieces
 15139 | Orc:2    | Bought a scroll of enchant armour for 112 gold pieces
 15139 | Orc:2    | Bought a scroll of teleportation for 45 gold pieces
 15139 | Orc:2    | Bought a scroll of identify for 30 gold pieces
 15139 | Orc:2    | Bought a scroll of identify for 30 gold pieces
 15139 | Orc:2    | Bought a scroll of enchant weapon for 112 gold pieces
 15139 | Orc:2    | Bought a scroll of magic mapping for 52 gold pieces
 15141 | Orc:2    | Bought a potion of lignification for 45 gold pieces
 15219 | Orc:2    | Found a staircase to the Elven Halls.
 15640 | Orc:2    | Paralysed by an orc sorcerer for 2 turns
 15714 | Orc:2    | Found Dytt's Antique Weapon Emporium.
 15714 | Orc:2    | Found a one-way gate leading to the halls of Pandemonium.
 15714 | Orc:2    | Found Poolum's Gadget Shoppe.
 16121 | Pan      | Entered Pandemonium
 16121 | Pan      | Noticed a pearl dragon
 16132 | Pan      | Killed a pearl dragon
 16183 | Pan      | Noticed an apis
 16183 | Pan      | Noticed an apis
 16183 | Pan      | Noticed an apis
 16189 | Pan      | Killed an apis
 16198 | Pan      | Killed an apis
 16198 | Pan      | Reached skill level 10 in Dodging
 16198 | Pan      | Reached XP level 14. HP: 94/146 MP: 19/19
 16207 | Pan      | Killed an apis
 16274 | Pan      | Noticed an apis
 16276 | Pan      | Noticed an apis
 16283 | Pan      | Killed an apis
 16291 | Pan      | Killed an apis
 16300 | Pan      | Noticed an angel
 16305 | Pan      | HP: 7/146 [angel/+3 whip of holy wrath (21)]
 16306 | Pan      | Mangled by an angel

Illustrated notes

Levels and vault maps discovered:
D:1:      heliophobic_arrival_ceremonial_halls, layout_basic
D:2:      layout_loops_ring
D:3:      layout_loops_corners, chequers_ecumenical_altar_grove, uniq_grinder
D:4:      layout_gridville, first_ration
D:5:      layout_basic, guppyfry_shop_venom, uniq_prince_ribbit1,
          uniq_crazy_yiuf_cottage, uniq_edmund
D:6:      layout_cave_pools, slow_altar_1, minmay_temple_entry_statues_pillars,
          basic_altar, serial_shops, nicolae_shop_waterfront,
          ebering_ghost_sewer_d, trog_wizard, uniq_blork_the_orc, uniq_maggie
D:7:      layout_loops_ring, serial_shops, shop
D:8:      kennysheep_kobold_camp, layout_loops_ring
D:9:      minmay_weird_star, layout_layer_cave, serial_shops,
          nicolae_shop_statue_plus, kennysheep_diamond
D:10:     layout_stronghold, erik_lair_orcish_takeover, okawaru_trees_2
D:11:     layout_basic
D:12:     layout_small_grid, orc_0_dummy, serial_shops, nicolae_shop_waterfront
D:13:     layout_loops_corners, serial_shops, kennysheep_little_box,
          hangedman_pestilent_swarm
D:14:     layout_irregular_city, skrybe_vaults_entry_preservation, eino_jars,
          uniq_agnes, uniq_josephine
D:15:     grunt_enter_depths_magical_seal, layout_basic, serial_shops,
          shop_fountains, uniq_roxanne
Temple:   dpeg_three_leaves_temple
Orc:1:    layout_caves, serial_shops, shop
Orc:2:    pf_orc_diabolical, layout_diamond_mine, basic_altar
Pan:      evilmike_holy_pan

Skill      XL: |  1  2  3  4  5  6  7  8  9 10 11 12 13 |
---------------+----------------------------------------+-----
Fighting       | 3 4 5 6 7 8 9 11 | 11.4
Unarmed Combat | 4 5 6 7 8 10 11 13 14 | 14.5
Dodging        | 3 4 5 6 7 9 10 | 10.1
Invocations    | 2 4 6 7 9 |  9.2
Stealth        | |  1.0

Action                   |  1- 3 |  4- 6 |  7- 9 | 10-12 | 13-15 || total
-------------------------+-------+-------+-------+-------+-------++-------
Melee: Unarmed           |    95 |   121 |   242 |   580 |   350 ||  1388
       Punch             |     1 |     1 |     7 |    23 |    25 ||    57
Invok: Divine Shield     |       |       |     1 |     6 |     2 ||     9
       Cleansing Flame   |       |       |       |     1 |     3 ||     4
       Summon Divine War |       |       |       |       |     3 ||     3
  Use: Scroll            |     3 |     6 |     5 |     9 |     2 ||    25
       Potion            |       |     3 |     1 |     6 |     8 ||    18
 Stab: Sleeping          |     1 |     7 |     2 |       |       ||    10
       Distracted        |       |       |     1 |       |       ||     1
  Eat: Chunk             |    15 |    21 |    26 |    66 |    26 ||   154
       Ration            |       |       |       |     2 |       ||     2
Armor: Robe              |    33 |    40 |    76 |   152 |    78 ||   379
       Skin              |       |       |       |     2 |    44 ||    46
       Troll leather arm |       |       |       |       |    25 ||    25
Dodge: Dodged            |    34 |    66 |   142 |   304 |   261 ||   807
Block: Other             |       |       |     4 |    31 |     8 ||    43
